 Dungeon Crawl Stone Soup version 0.31-a0-267-g3fc6992b3b (webtiles) character file.

Game seed: 760712992184989244

248 qw the Shooter (level 5, -4/45 HPs)
             Began as a Minotaur Hexslinger on July 13, 2023.
             Slain by a cerulean imp
             ... wielding a +2 spear
             ... summoned by Natasha
              (5 damage)
             ... on level 2 of the Dungeon.
             The game lasted 00:00:30 (918 turns).

qw the Shooter (Minotaur Hexslinger)                 Turns: 918, Time: 00:00:30

Health: -4/45      AC:  2    Str: 12    XL:     5   Next: 86%
Magic:  5/5        EV: 12    Int: 10    God:
Gold:   76         SH:  0    Dex: 15    Spells: 5/6 levels left

rFire   . . .        Y - +2 sling (drain)
rCold   . . .        (no shield)
rNeg    . . .        c - +0 robe
rPois   .            (helmet restricted)
rElec   .            (no cloak)
rCorr   .            (no gloves)
SInv    .            (no boots)
Will    .....        (no amulet)
Stlth   +            (no ring)
HPRegen 0.27/turn    (no ring)
MPRegen 0.09/turn

%: no passive effects
@: no status effects
A: horns 2, retaliatory headbutt
a: no special abilities


You were on level 2 of the Dungeon.
You visited 1 branch of the dungeon, and saw 2 of its levels.

You collected 76 gold pieces.


Innate Abilities, Weirdness & Mutations

You have a pair of horns on your head.
You reflexively headbutt those who attack you in melee.


   Skills:
 + Level 3.1 Fighting
 - Level 6.2 Ranged Weapons
 - Level 2.1 Dodging
 - Level 1.0 Spellcasting
 - Level 2.0 Hexes


You had 5 spell levels left.
You knew the following spells:

 Your Spells              Type           Power      Damage    Failure   Level
a - Slow                  Hex            16%        N/A       16%         1

Your spell library contained the following spells:

 Spells                   Type           Power      Damage    Failure   Level
 Inner Flame              Hex/Fire       2%         N/A       56%         3
 Portal Projectile        Hex/Tloc       4%         N/A       56%         3
 Cause Fear               Hex            2%         N/A       83%         4

Inventory:

Hand Weapons
 Y - a +2 sling of draining (weapon)
Armour
 c - a +0 robe (worn)
Potions
 d - a potion of might {unknown}

Dungeon Overview and Level Annotations

Branches:
Dungeon (2/15)

Altars:

Annotations:
D:2 Natasha


Message History

Natasha casts a spell at you. The magic dart hits you.
You shoot a sling bullet. The sling bullet hits Natasha.
You drain Natasha.
Natasha is moderately wounded.
Natasha stares at you and mumbles some strange words.
The magic dart hits you.
You shoot a sling bullet.
The sling bullet closely misses Natasha.
Natasha mumbles some strange words.
You shoot a sling bullet.
The sling bullet completely misses the cerulean imp.
The cerulean imp closely misses you. You furiously retaliate!
You headbutt the cerulean imp! You shoot a sling bullet.
The sling bullet hits the cerulean imp but does no damage.
The cerulean imp is severely wounded.
Natasha barely misses you. The cerulean imp barely misses you.
The cerulean imp hits you with a +2 spear.
You shoot a sling bullet. The sling bullet hits the cerulean imp.
The cerulean imp is almost dead.
Natasha claws you. The cerulean imp closely misses you.
The cerulean imp hits you with a +2 spear.
You shoot a sling bullet.
The sling bullet closely misses the cerulean imp.
Natasha claws you.
The cerulean imp hits you from afar with a +1 spear.
The cerulean imp hits you with a +2 spear.
Natasha misses you.
You shoot a sling bullet.
The sling bullet hits the cerulean imp but does no damage.
The cerulean imp is almost dead.
The cerulean imp hits you from afar with a +1 spear.
The cerulean imp closely misses you. Natasha casts a spell at you.
The magic dart hits you.
The cerulean imp hits you from afar with a +1 spear.
You shoot a sling bullet.
The sling bullet barely misses the cerulean imp.
The cerulean imp hits you with a +2 spear.
You die...

......#........#
#..##
......#.......##
##..##
....%.###....##
##..# ......#
...### ###..#
|...).# .#
#....# .....## #
####.##.# ....##
##..%.##..#
#####
##..#####..# #
#@5## #...
####.# #h##
##... ......
....5.5........
.... ......
....h##.#######
..... ......
..<. ..# ....#.
... .## ....# ..
.# ....# . .##
##### ....


You could see Natasha (very drained) and 2 cerulean imps.

Vanquished Creatures
  Sigmund (D:2)
  Natasha (D:2)
  2 adders (D:2)
  A worm (D:2)
  2 ball pythons (D:1)
  7 endoplasms
  2 giant cockroaches
  3 goblins
  7 hobgoblins
  3 jackals (D:2)
  4 kobolds
  A quokka (D:1)
  5 bats
  2 frilled lizards
  4 rats
45 creatures vanquished.

Notes
Turn   | Place    | Note
-------+----------+-------------------------------------------
     0 | D:1      | qw the Minotaur Hexslinger began the quest for the Orb.
     0 | D:1      | Reached XP level 1. HP: 16/16 MP: 1/1
     0 | D:1      | 0 ||| qw: Version: 0.3-a-52-g30416fa
     0 | D:1      | 0 ||| qw: Game counter: 7737
     0 | D:1      | 0 ||| qw: Melee chars always use a shield: true
     0 | D:1      | 0 ||| qw: God list: Okawaru
     0 | D:1      | 0 ||| qw: Allow faded altars: false
     0 | D:1      | 0 ||| qw: Do Orc after clearing Dungeon:15 true
     0 | D:1      | 0 ||| qw: Do second Lair branch before Depths: true
     0 | D:1      | 0 ||| qw: Lair rune preference: random
     0 | D:1      | 0 ||| qw: Goals: Normal
     0 | D:1      | 0 ||| PLANNING D:1-11
   121 | D:1      | Reached skill level 3 in Ranged Weapons
   121 | D:1      | Reached XP level 2. HP: 23/23 MP: 2/2
   623 | D:1      | Reached XP level 3. HP: 28/29 MP: 3/3
   682 | D:1      | 682 ||| READING scroll labelled TEOVETIMOE.
   683 | D:1      | 683 ||| READING scroll labelled XUZXEO COYPIE.
   684 | D:1      | 684 ||| READING scroll labelled HOPONI CEUTTASK.
   685 | D:1      | 685 ||| READING scroll labelled INWUTS LUNKA.
   686 | D:1      | 686 ||| DROPPING scroll of poison.
   787 | D:2      | Reached skill level 4 in Ranged Weapons
   839 | D:2      | Noticed Sigmund
   844 | D:2      | Killed Sigmund
   845 | D:2      | Reached skill level 6 in Ranged Weapons
   845 | D:2      | Reached XP level 4. HP: 36/36 MP: 4/4
   845 | D:2      | Reached XP level 5. HP: 41/41 MP: 5/5
   851 | D:2      | Noticed Natasha
   854 | D:2      | Killed Natasha
   890 | D:2      | Reached skill level 3 in Fighting
   902 | D:2      | Noticed Natasha
   904 | D:2      | 904 ||| Stepping ~*~*~tactically~*~*~ (outnumbered).
   908 | D:2      | 908 ||| Stepping ~*~*~tactically~*~*~ (outnumbered).
   916 | D:2      | HP: 11/45 [cerulean imp/+2 spear[Natasha] (2)]
   917 | D:2      | HP: 3/45 [Natasha/magic dart (5)]
   917 | D:2      | HP: 1/45 [cerulean imp/+1 spear[Natasha] (2)]
   918 | D:2      | Slain by a cerulean imp

Levels and vault maps discovered:
D:1:      dpeg_arrival_rooms_c, layout_loops_cross, minmay_tromino_i4
D:2:      layout_rooms, uniq_sigmund, uniq_natasha

Skill      XL: |  1  2  3  4  5 |
---------------+----------------+-----
Ranged Weapons | 3 6 |  6.2
Fighting       | 2 3 |  3.1
Dodging        | |  2.1
Spellcasting   | |  1.0
Hexes          | |  2.0

Action                     |  1- 3 |  4- 6 || total
---------------------------+-------+-------++-------
   Fire: Sling             |   101 |    24 ||   125
    Use: Scroll            |     4 |       ||     4
 Armour: Robe              |     7 |       ||     7
  Dodge: Dodged            |    20 |    13 ||    33

Table legend:
 A = Non-vault XP
 B = Vault XP
 C = Vault XP percentage of total XP
 D = Non-vault monster count
 E = Vault monster count
 F = Vault count percentage of total count
                 A         B        C        D         E       F
            +---------+---------+-------+---------+---------+-------
      Total |      90 |     265 |  74.6 |      39 |       6 |  13.3
            +---------+---------+-------+---------+---------+-------
        D:1 |      37 |       7 |  15.9 |      22 |       4 |  15.4
        D:2 |      53 |     258 |  83.0 |      17 |       2 |  10.5
            +---------+---------+-------+---------+---------+-------
